 Dungeon Crawl Stone Soup version 0.31-a0-246-g8cbcc1cb85 (webtiles) character file.

Game seed: 9200632421819788465

47 qw the Shooter (level 3, -4/29 HPs)
             Began as a Minotaur Hexslinger on July 12, 2023.
             Killed from afar by Ijyb (7 damage)
             ... with a bolt of dispelling energy
             ... on level 3 of the Dungeon.
             The game lasted 00:00:30 (1504 turns).

qw the Shooter (Minotaur Hexslinger)                Turns: 1504, Time: 00:00:30

Health: -4/29      AC:  3    Str: 12    XL:     3   Next: 48%
Magic:  3/3        EV: 12    Int: 10    God:
Gold:   63         SH:  0    Dex: 14    Spells: 3/4 levels left

rFire   . . .        Y - +1 sling (freeze)
rCold   . . .        (no shield)
rNeg    . . .        a - +0 leather armour
rPois   .            (helmet restricted)
rElec   .            (no cloak)
rCorr   .            (no gloves)
SInv    .            (no boots)
Will    .....        (no amulet)
Stlth   +            (no ring)
HPRegen 0.24/turn    (no ring)
MPRegen 0.08/turn

%: no passive effects
@: no status effects
A: horns 2, retaliatory headbutt
a: no special abilities


You were on level 3 of the Dungeon.
You visited 1 branch of the dungeon, and saw 3 of its levels.

You collected 63 gold pieces.


Innate Abilities, Weirdness & Mutations

You have a pair of horns on your head.
You reflexively headbutt those who attack you in melee.


   Skills:
 - Level 2.0 Fighting
 + Level 4.1 Ranged Weapons
 - Level 2.1 Dodging
 - Level 1.0 Spellcasting
 - Level 2.0 Hexes


You had 3 spell levels left.
You knew the following spells:

 Your Spells              Type           Power      Damage    Failure   Level
a - Slow                  Hex            16%        N/A       19%         1

Your spell library contained the following spells:

 Spells                   Type           Power      Damage    Failure   Level
 Inner Flame              Hex/Fire       2%         N/A       65%         3
 Portal Projectile        Hex/Tloc       4%         N/A       65%         3
 Cause Fear               Hex            2%         N/A       88%         4

Inventory:

Hand Weapons
 Y - a +1 sling of freezing (weapon)
Armour
 a - a +0 leather armour (worn)
Jewellery
 i - a ring of fire
Potions
 d - a potion of invisibility {unknown}
 f - a potion of heal wounds {unknown}
 g - a potion of degeneration {unknown}
 j - a potion of haste {unknown}

Dungeon Overview and Level Annotations

Branches:
Dungeon (3/15)

Altars:
Ru

Annotations:
D:3 Ijyb, Pargi


Message History

You kill the ball python!
You shoot a sling bullet. The sling bullet hits the goblin.
The sling bullet freezes the goblin.
You kill the goblin!
You now have 63 gold pieces (gained 11).
Ijyb the Twisted Goblin comes into view.
She is wielding a +0 dagger and carrying a wand of quicksilver.
You shoot a sling bullet. The sling bullet hits Ijyb.
The sling bullet freezes Ijyb.
Ijyb shouts!
Ijyb is lightly wounded.
You hear a shout!
You shoot a sling bullet. The sling bullet closely misses Ijyb.
You shoot a sling bullet.
The sling bullet hits Ijyb but does no damage.
Ijyb is lightly wounded.
You shoot a sling bullet. The sling bullet hits Ijyb.
The sling bullet freezes Ijyb.
Ijyb is lightly wounded.
Ijyb zaps a wand.
The bolt of dispelling energy hits you!
Pargi the Meek comes into view.
You shoot a sling bullet. The sling bullet closely misses Ijyb.
Ijyb barely misses you. You furiously retaliate!
You headbutt Ijyb. You shoot a sling bullet.
The sling bullet completely misses Ijyb.
Ijyb closely misses you.
You shoot a sling bullet. The sling bullet barely misses Ijyb.
Ijyb zaps a wand.
The bolt of dispelling energy hits you!
Ouch! That really hurt!
You shoot a sling bullet.
The sling bullet hits Ijyb but does no damage.
Ijyb is moderately wounded.
Ijyb hits you with a +0 dagger. Ijyb hits you but does no damage.
A frilled lizard comes into view.
You shoot a sling bullet. The sling bullet hits Ijyb!
The sling bullet freezes Ijyb.
Ijyb is severely wounded.
Ijyb hits you with a +0 dagger.
You shoot a sling bullet. The sling bullet barely misses Ijyb.
Ijyb zaps a wand.
The bolt of dispelling energy hits you!
You die...

#####.# # #...#.#
## ###...#.#
#.###.......######
#................#
#..........:####.#
#.##......#......#
#...)....(######.#
####<..#### #@#
##.##
#.....gT...l. #.#
#.###.######. #.#
#.# #.. ..# #..
#.# ##.# ..# .#
###


You could see Pargi, Ijyb and a frilled lizard.

Vanquished Creatures
  An adder (D:2)
  2 dart slugs (D:1)
  6 ball pythons
  5 bats
  3 endoplasms
  2 giant cockroaches
  3 goblins
  2 hobgoblins
  A frilled lizard (D:1)
  4 kobolds (D:1)
  4 rats (D:1)
33 creatures vanquished.

Notes
Turn   | Place    | Note
-------+----------+-------------------------------------------
     0 | D:1      | qw the Minotaur Hexslinger began the quest for the Orb.
     0 | D:1      | Reached XP level 1. HP: 16/16 MP: 1/1
     0 | D:1      | 0 ||| qw: Version: 0.3-a-52-g30416fa
     0 | D:1      | 0 ||| qw: Game counter: 6543
     0 | D:1      | 0 ||| qw: Melee chars always use a shield: true
     0 | D:1      | 0 ||| qw: God list: Okawaru
     0 | D:1      | 0 ||| qw: Allow faded altars: false
     0 | D:1      | 0 ||| qw: Do Orc after clearing Dungeon:15 true
     0 | D:1      | 0 ||| qw: Do second Lair branch before Depths: true
     0 | D:1      | 0 ||| qw: Lair rune preference: random
     0 | D:1      | 0 ||| qw: Goals: Normal
     0 | D:1      | 0 ||| PLANNING D:1-11
   194 | D:1      | Reached skill level 3 in Ranged Weapons
   194 | D:1      | Reached XP level 2. HP: 23/23 MP: 2/2
   432 | D:1      | Found a faded altar of an unknown god.
   963 | D:1      | 963 ||| READING scroll labelled REL ZISMIWAU.
   964 | D:1      | 964 ||| READING scroll labelled GOCLIA SUACHA.
   967 | D:1      | 967 ||| READING scroll labelled LIUCVU OFYUMY.
   968 | D:1      | 968 ||| READING scroll labelled POPRYR SIA.
   969 | D:1      | 969 ||| READING scroll labelled WUKIUM DAYSEYC.
  1070 | D:1      | 1070 ||| DROPPING scroll of poison.
  1088 | D:2      | Found a sacrificial altar of Ru.
  1094 | D:2      | Reached XP level 3. HP: 29/29 MP: 3/3
  1256 | D:2      | Reached skill level 4 in Ranged Weapons
  1443 | D:2      | 1443 ||| UPGRADING to +0 leather armour.
  1453 | D:2      | 1453 ||| DROPPING +0 robe.
  1454 | D:2      | 1454 ||| READING scroll labelled LEM CECLELU.
  1455 | D:2      | 1455 ||| READING scroll labelled EWKIPSIREF.
  1456 | D:2      | 1456 ||| READING scroll labelled CUPISTR YTEHAE.
  1494 | D:3      | Noticed Ijyb
  1498 | D:3      | Noticed Pargi
  1501 | D:3      | HP: 7/29 [Ijyb/bolt of dispelling energy (16)]
  1502 | D:3      | HP: 3/29 [Ijyb/+0 dagger (4)]
  1504 | D:3      | Killed from afar by Ijyb

Levels and vault maps discovered:
D:1:      dpeg_arrival_round_a, layout_basic,
          shapermc_ecumenical_altar_mp_highgroup
D:2:      layout_rooms, basic_altar
D:3:      layout_loops_ring, elyvilon_altar_4, nicolae_overflow_hidden_temple,
          uniq_crazy_yiuf_cottage, uniq_ijyb, uniq_pargi

Skill      XL: |  1  2  3 |
---------------+----------+-----
Ranged Weapons | 3 4 |  4.1
Fighting       | 2 |  2.0
Dodging        | |  2.1
Spellcasting   | |  1.0
Hexes          | |  2.0

Action                     || total
---------------------------++-------
   Fire: Sling             ||    95
    Use: Scroll            ||     8
 Armour: Leather armour    ||     1
  Dodge: Dodged            ||    22

Table legend:
 A = Non-vault XP
 B = Vault XP
 C = Vault XP percentage of total XP
 D = Non-vault monster count
 E = Vault monster count
 F = Vault count percentage of total count
                 A         B        C        D         E       F
            +---------+---------+-------+---------+---------+-------
      Total |      68 |       0 |   0.0 |      33 |       0 |   0.0
            +---------+---------+-------+---------+---------+-------
        D:1 |      38 |       0 |   0.0 |      22 |       0 |   0.0
        D:2 |      26 |       0 |   0.0 |       9 |       0 |   0.0
        D:3 |       4 |       0 |   0.0 |       2 |       0 |   0.0
            +---------+---------+-------+---------+---------+-------
